 Dungeon Crawl Stone Soup version 0.30-a0-4-ga7cffc901d (webtiles) character file.

Game seed: 10828009841251633966

38143 greenreed the Destroyer (level 13, -6/96 HPs)
             Began as a Pale Draconian Conjurer on Aug 21, 2022.
             Was an Elder of Vehumet.
             Mangled by a blink frog (11 damage)
             ... on level 8 of the Dungeon on Aug 22, 2022.
             The game lasted 01:17:56 (19756 turns).

greenreed the Destroyer (Pale Draconian Conjurer)  Turns: 19756, Time: 01:17:57

Health: -6/96      AC: 10    Str:  9    XL:     13   Next: 62%
Magic:  2/28       EV: 15    Int: 21    God:    Vehumet [****..]
Gold:   966        SH:  5    Dex: 17    Spells: 12/34 levels left

rFire   + . .      SeeInvis .    P - staff of air
rCold   . . .      Faith    .    (no shield)
rNeg    . . .      Spirit   .    (body armour unavailable)
rPois   .          Reflect  +    (helmet restricted)
rElec   +          Harm     .    (no cloak)
rCorr   +          Rampage  .    f - +0 pair of gloves
Will    +....                    T - +0 pair of boots
Stlth   +++.......               o - amulet of reflection
HPRegen 0.26/turn                V - ring of Bedujaocuts {Fly rElec rCorr Slay+2}
MPRegen 0.21/turn                y - ring of willpower

@: lethally poisoned (-6 -> -15), flying, unable to read
A: breathe steam, AC +8, unfitting armour, cold-blooded, steam resistance, big
wings, thin skeletal structure 1, agile 1, fire resistance 1, inability to read
after injury 1, MP-powered wands
a: Breathe Steam, Renounce Religion


You were on level 8 of the Dungeon.
You worshipped Vehumet.
Vehumet was greatly pleased with you.
You visited 2 branches of the dungeon, and saw 15 of its levels.
You also visited: Sewer and Bailey.

You collected 966 gold pieces.

Inventory:

Hand Weapons
 G - a +1 morningstar of holy wrath
Missiles
 j - a throwing net
 q - 4 curare-tipped darts
 r - 36 poisoned darts
Armour
 f - a +0 pair of gloves (worn)
 T - a +0 pair of boots (worn)
Magical Staves
 P - a staff of air (weapon)
Jewellery
 l - a ring of protection from fire
 o - an amulet of reflection (around neck)
 y - a ring of willpower (right hand)
 A - an amulet of the acrobat
 F - a ring of protection from fire
 J - a +6 ring of dexterity
 N - a ring of positive energy
 S - a +6 ring of dexterity
 V - the ring of Bedujaocuts (left hand) {Fly rElec rCorr Slay+2}
   (You took it off an orc on level 11 of the Dungeon)

   [ring of flight]

   Slay:      It affects your accuracy & damage with ranged weapons and melee
   (+2).
   rElec:     It insulates you from electricity.
   Fly:       It grants you flight.
   rCorr:     It protects you from acid and corrosion.
 Z - a ring of positive energy
Wands
 E - a wand of acid (16)
 I - a wand of polymorph (6)
 R - a wand of charming (6)
 U - a wand of mindburst (2)
 W - a wand of flame (5)
 X - a wand of iceblast (6)
Scrolls
 c - a scroll of vulnerability {unknown}
 e - 11 scrolls of teleportation
 g - 8 scrolls of fear
 i - 4 scrolls of enchant weapon
 k - 6 scrolls of butterflies
 n - 4 scrolls of brand weapon
 p - 5 scrolls of magic mapping
 t - 3 scrolls of amnesia {unknown}
 x - 3 scrolls of noise {unknown}
 z - a scroll of poison {unknown}
 B - 3 scrolls of immolation {unknown}
 C - a scroll of silence {unknown}
 L - a scroll of blinking {unknown}
 Q - a scroll of acquirement {unknown}
Potions
 a - 2 potions of magic
 b - 6 potions of heal wounds
 d - 4 potions of curing
 h - 3 potions of brilliance
 m - a potion of haste
 s - 3 potions of mutation
 u - a potion of cancellation {unknown}
 v - a potion of flight {unknown}
 w - 2 potions of berserk rage {unknown}
 D - 2 potions of might {unknown}
 H - a potion of degeneration {unknown}
 M - 2 potions of ambrosia {unknown}
 O - a potion of resistance
 Y - a potion of attraction {unknown}


   Skills:
 + Level 4.2 Fighting
 + Level 1.9 Staves
 + Level 6.4 Dodging
 - Level 3.0 Stealth
 - Level 0.4 Shields
 + Level 1.8 Unarmed Combat
 + Level 11.3 Spellcasting
 + Level 12.4 Conjurations
 + Level 0.4 Hexes
 * Level 0.8 Necromancy
 + Level 10.3 Fire Magic
 + Level 4.6 Air Magic
 + Level 4.8 Earth Magic
 * Level 4.5 Evocations


You had 12 spell levels left.
You knew the following spells:

 Your Spells              Type           Power      Damage    Failure   Level
a - Magic Dart            Conj           100%       1d8       1%          1
b - Searing Ray           Conj           100%       2d8       1%          2
c - Foxfire               Conj/Fire      100%       2x1d9     1%          1
d - Conjure Flame         Conj/Fire      56%        6-21      1%          3
e - Dazzling Flash        Conj/Hex       76%        N/A       1%          3
f - Stone Arrow           Conj/Erth      96%        3d13      1%          3
g - Lightning Bolt        Conj/Air       32%        1d49      1%          5
h - Dispel Undead         Necr           15%        3d10      36%         4

Your spell library contained the following spells:

 Spells                   Type           Power      Damage    Failure   Level
 Shock                    Conj/Air       100%       1d9       1%          1
 Static Discharge         Conj/Air       64%        3-11/arc  1%          2
 Ignite Poison            Fire/Tmut/Pois 26%        N/A       1%          3
 Fulminant Prism          Conj/Hex       19%        3d11      1%          4
 Iskenderun's Mystic Bla  Conj/Tloc      38%        2d9       1%          4
 Sticky Flame             Conj/Fire      56%        2d7       1%          4
 Swiftness                Air            47%        N/A       2%          3
 Airstrike                Air            23%        2d(4-20)  2%          4
 Gell's Gravitas          Tloc           11%        N/A       17%         3
 Lesser Beckoning         Tloc           11%        N/A       17%         3
 Teleport Other           Tloc           11%        N/A       17%         3
 Corpse Rot               Necr/Pois/Air  29%        N/A       26%         4
 Animate Dead             Necr           15%        N/A       36%         4
 Death Channel            Necr           7%         N/A       99%         6
 Haunt                    Necr/Summ      6%         N/A       100%        7
 Infestation              Necr           7%         N/A       100%        8


Dungeon Overview and Level Annotations

Branches:
Dungeon (14/15)            Temple (0/1) D:7            Lair (1/5) D:8
    Orc (0/2) D:10          Sewer (visited)          Bailey (visited)
 Vaults: D:13-14

Altars:
Ashenzari
Cheibriados
Dithmenos
Elyvilon
Kikubaaqudgha
Nemelex Xobeh
Sif Muna
Uskayaw
Vehumet
Xom
The Shining One

Shops:
D:4 *   D:6 =


Innate Abilities, Weirdness & Mutations

You can breathe blasts of scalding, opaque steam.
Your pale cyan-grey scales are hard. (AC +8)
You cannot fit into any form of body armour.
You are cold-blooded and may be slowed by cold attacks.
You are immune to the effects of steam.
Your large and strong wings let you fly.
You have a somewhat thin skeletal structure. (Dex +2, Stealth+)
You are agile. (Dex +4, Str/Int -1)
Your flesh is heat resistant. (rF+)
You occasionally lose the ability to read scrolls when taking damage.
You expend magic power (3 MP) to strengthen your wands.


Message History

You feel a surge of power!
You hear a mighty clap of thunder!
The bolt of lightning hits the cane toad!!
You kill the cane toad!
Vehumet accepts your kill.
You feel your power returning.
* * * LOW HITPOINT WARNING * * *
You feel very sick.
Casting: Lightning Bolt (dangerous; 1% risk of failure)
Confirm with . or Enter, or press ? or * to list all spells.
Aiming: Lightning Bolt (dangerous; 1% risk of failure)
Press: ? - help, Shift-Dir - straight line You feel a surge of power!
You hear a mighty clap of thunder!
The bolt of lightning hits the blink frog!!
You kill the blink frog!
Vehumet accepts your kill.
* * * LOW HITPOINT WARNING * * *
You feel very sick.
Casting: Lightning Bolt (dangerous; 1% risk of failure)
Confirm with . or Enter, or press ? or * to list all spells.
Aiming: Lightning Bolt (dangerous; 1% risk of failure)
Press: ? - help, Shift-Dir - straight line, f - blink frog
Aim: a blink frog (40% to hit)
Okay, then.
* * * LOW HITPOINT WARNING * * *
You feel very sick.
Casting: Lightning Bolt (dangerous; 1% risk of failure)
Confirm with . or Enter, or press ? or * to list all spells.
Aiming: Lightning Bolt (dangerous; 1% risk of failure)
Press: ? - help, Shift-Dir - straight line You feel a surge of power!
You hear a mighty clap of thunder!
The bolt of lightning misses the blink frog.
The bolt of lightning hits the blink frog!!
The blink frog is heavily wounded.
* * * LOW HITPOINT WARNING * * *
You feel very sick. The blink frog hits you!
You die...

.#.#.#######...## ##...##
###.## #.#..#### ##.## #.#
##.P.....### #.# #.#
##...P.PP..P## #.# #.#
#...P.P......# #.### ###.#
##....P..P....#######....
....#
#PPP.......P...##........
....##
#.P.P.####P.P..##.####...
.....####....P#†@#........#
#..#
......##..P...#[F#P....####
#..#
...........PPP#'##.P...#
#..#
......###..)....P.P.P.P#
#<.#
.....#####....P...PP..##
#..#
....###.....P.PPP.....#
#..#
........###..)..PP..P##
#..# .....#### ###.....P#[#
#..# |..#.# #.....###.#
#..#


You could see a blink frog.

Vanquished Creatures
  An orc warlord (Bailey)
  Erolcha (D:12)
  An ogre mage (D:11)
  5 two-headed ogres
  2 tengu warriors
  An orc knight (Bailey)
  A deep elf pyromancer (D:12)
  3 cyclopes
  4 manticores
  The ghost of gregwegmann the Ruffian, a novice TrTm of Okawaru (D:6)
  A gargoyle (D:12)
  Maurice (D:12)
  2 unseen horrors
  2 cane toads (D:8)
  Maggie (D:8)
  A troll (D:12)
  Prince Ribbit (D:7)
  Grinder (D:6)
  6 slime creatures (D:12)
  2 blink frogs (D:8)
  2 shadows
  A vampire (D:13)
  3 wyverns
  7 yaks
  A hog (shapeshifter) (D:13)
  4 vampire mosquitoes
  3 steam dragons
  2 basilisks
  Menkaure (D:4)
  Edmund (D:5)
  Duvessa (D:7)
  2 water moccasins
  18 orc warriors
  2 ice beasts
  3 sky beasts
  A black bear (D:7)
  3 ogres
  3 centaurs
  A phantom (D:4)
  2 kobold brigands
  4 bullfrogs
  Blork the orc (D:5)
  A necrophage (D:4)
  A gnoll sergeant (D:11)
  2 scorpions (D:8)
  10 wights
  Dowan (D:7)
  3 howler monkeys
  4 jellies
  11 orc priests
  2 hounds
  An iguana (D:5)
  16 orc wizards
  13 gnolls
  7 adders
  2 shadow imps
  3 ufetubi
  4 worms
  A dart slug (D:1)
  67 orcs
  7 bats
  17 endoplasms
  4 giant cockroaches (D:1)
  19 goblins
  17 hobgoblins
  4 jackals (D:3)
  2 quokkas
  10 ball pythons
  2 frilled lizards
  30 kobolds
  10 rats
  A toadstool (D:3)
376 creatures vanquished.

Vanquished Creatures (collateral kills)
  6 foxfires (D:8)
6 creatures vanquished.

Vanquished Creatures (others)
  832 foxfires
  9 fungi
  2 plants (D:8)
  7 toadstools (D:3)
850 creatures vanquished.

Grand Total: 1232 creatures vanquished

Notes
Turn   | Place    | Note
-------+----------+-------------------------------------------
     0 | D:1      | greenreed the Draconian Conjurer began the quest for the
                  | Orb.
     0 | D:1      | Reached XP level 1. HP: 14/14 MP: 3/3
   406 | D:1      | Reached XP level 2. HP: 20/20 MP: 0/5
   964 | D:1      | Learned a level 2 spell: Searing Ray
  1195 | D:1      | Reached XP level 3. HP: 26/26 MP: 1/6
  2626 | D:2      | Reached XP level 4. HP: 33/33 MP: 1/8
  3012 | D:3      | Reached skill level 1 in Unarmed Combat
  3044 | D:3      | Reached skill level 5 in Conjurations
  3044 | D:3      | Reached XP level 5. HP: 38/38 MP: 4/9
  3505 | D:3      | Found a broken altar of Ashenzari.
  3547 | D:3      | Found a faded altar of an unknown god.
  3689 | D:3      | Found a white marble altar of Elyvilon.
  3933 | D:3      | Found a radiant altar of Vehumet.
  3944 | D:3      | Became a worshipper of Vehumet
  4427 | D:4      | Found Funisunne's General Store.
  4472 | D:4      | Found a glowing drain.
  4479 | D:4      | Reached XP level 6. HP: 42/45 MP: 6/11
  4488 | Sewer    | Entered a sewer
  4833 | Sewer    | Reached * piety under Vehumet
  4833 | Sewer    | Offered knowledge of Foxfire by Vehumet.
  4836 | Sewer    | Learned a level 1 spell: Foxfire
  5270 | D:4      | Your scales start taking on a pale cyan-grey colour.
  5270 | D:4      | Reached skill level 1 in Fire Magic
  5270 | D:4      | Reached XP level 7. HP: 49/51 MP: 9/13
  5270 | D:4      | Gained mutation: You are immune to the effects of steam.
                  | [Pale Draconian growth]
  5388 | D:4      | Learned a level 3 spell: Conjure Flame
  5392 | D:4      | Learned a level 3 spell: Dazzling Flash
  5500 | D:4      | Reached skill level 6 in Conjurations
  5839 | D:4      | Found a hide-covered altar of Uskayaw.
  5902 | D:4      | Noticed Menkaure
  5912 | D:4      | Killed Menkaure
  6303 | D:5      | Entered Level 5 of the Dungeon
  6397 | D:5      | Found a shimmering altar of Xom.
  6412 | D:5      | Found a shimmering altar of Xom.
  6861 | D:5      | Noticed Blork the orc
  7010 | D:5      | Killed Blork the orc
  7011 | D:5      | Reached skill level 5 in Spellcasting
  7047 | D:5      | Found a shimmering blue altar of Sif Muna.
  7230 | D:5      | Noticed Edmund
  7248 | D:5      | Killed Edmund
  7249 | D:5      | Reached XP level 8. HP: 37/58 MP: 1/16
  7702 | D:5      | Reached skill level 7 in Conjurations
  7801 | D:6      | Offered knowledge of Poisonous Vapours by Vehumet.
  7803 | D:6      | Reached ** piety under Vehumet
  8021 | D:6      | Reached skill level 1 in Fighting
  8080 | D:6      | Found Annecw's Jewellery Boutique.
  8087 | D:6      | Noticed Grinder
  8096 | D:6      | Killed Grinder
  8240 | D:6      | Found a runed translucent door.
  8241 | D:6      | Noticed gregwegmann's ghost (novice TrTm)
  8258 | D:6      | Killed gregwegmann's ghost
  8259 | D:6      | Reached XP level 9. HP: 64/64 MP: 5/19
  8627 | D:7      | Found a staircase to the Ecumenical Temple.
  8639 | D:7      | Noticed Dowan
  8640 | D:7      | Noticed Duvessa
  8644 | D:7      | Killed Dowan
  8661 | D:7      | Killed Duvessa
  8662 | D:7      | Reached skill level 8 in Conjurations
  9143 | D:7      | Found a shadowy altar of Dithmenos.
  9152 | D:7      | Found a snail-covered altar of Cheibriados.
  9152 | D:7      | Found a sparkling altar of Nemelex Xobeh.
  9175 | D:7      | Reached skill level 5 in Fire Magic
  9219 | D:7      | Noticed a two-headed ogre
  9233 | D:7      | Killed a two-headed ogre
  9462 | D:7      | Found an ancient bone altar of Kikubaaqudgha.
  9480 | D:7      | Noticed Prince Ribbit
  9487 | D:7      | Killed Prince Ribbit
 10021 | D:8      | Found a flagged portal.
 10053 | Bailey   | Entered a bailey
 10081 | Bailey   | Offered knowledge of Stone Arrow by Vehumet.
 10263 | Bailey   | Learned a level 3 spell: Stone Arrow
 10284 | Bailey   | Reached XP level 10. HP: 71/71 MP: 16/22
 10325 | Bailey   | Reached *** piety under Vehumet
 10402 | Bailey   | Noticed an orc knight
 10441 | Bailey   | Killed an orc knight
 10442 | Bailey   | Reached skill level 9 in Conjurations
 10582 | Bailey   | Reached skill level 1 in Earth Magic
 10606 | Bailey   | Offered knowledge of Frozen Ramparts by Vehumet.
 10623 | Bailey   | HP: 1/72 [orc warrior/+0 hand axe (4)]
 10625 | Bailey   | Gained mutation: You sometimes lose your temper in combat.
                  | [potion of mutation]
 10625 | Bailey   | Gained mutation: You have sharp toenails. [potion of
                  | mutation]
 10635 | Bailey   | Reached skill level 5 in Dodging
 10929 | Bailey   | Lost mutation: You sometimes lose your temper in combat.
                  | [potion of mutation]
 10929 | Bailey   | Lost mutation: You have sharp toenails. [potion of
                  | mutation]
 10929 | Bailey   | Gained mutation: Your natural rate of healing is unusually
                  | fast. [potion of mutation]
 10929 | Bailey   | Gained mutation: You occasionally lose the ability to read
                  | scrolls when taking damage. [potion of mutation]
 10929 | Bailey   | Gained mutation: You are agile. (Dex +4, Str/Int -1)
                  | [potion of mutation]
 10929 | Bailey   | Gained mutation: You have a pair of small horns on your
                  | head. [potion of mutation]
 10930 | Bailey   | Lost mutation: Your natural rate of healing is unusually
                  | fast. [potion of mutation]
 10930 | Bailey   | Lost mutation: You have a pair of small horns on your head.
                  | [potion of mutation]
 10930 | Bailey   | Gained mutation: You have a somewhat thin skeletal
                  | structure. (Dex +2, Stealth+) [potion of mutation]
 10930 | Bailey   | Gained mutation: You expend magic power (3 MP) to
                  | strengthen your wands. [potion of mutation]
 10930 | Bailey   | Gained mutation: Your large and strong wings let you fly.
                  | [potion of mutation]
 10930 | Bailey   | Gained mutation: Your flesh is heat resistant. (rF+)
                  | [potion of mutation]
 11098 | Bailey   | Noticed an orc warlord
 11135 | Bailey   | Killed an orc warlord
 11300 | Bailey   | Identified the +1 robe of the Assorted Prophets {Str+3}
 11711 | D:8      | Reached **** piety under Vehumet
 11869 | D:8      | Offered knowledge of Lightning Bolt by Vehumet.
 11926 | D:8      | Learned a level 5 spell: Lightning Bolt
 12046 | D:8      | Noticed Maggie
 12051 | D:8      | Killed Maggie
 12052 | D:8      | Reached skill level 10 in Conjurations
 12209 | D:8      | Found a staircase to the Lair.
 12707 | D:9      | Noticed a two-headed ogre
 12711 | D:9      | Killed a two-headed ogre
 12712 | D:9      | Reached XP level 11. HP: 79/79 MP: 16/24
 12964 | D:9      | Reached skill level 1 in Air Magic
 13098 | D:9      | Identified the +1 leather armour of Lugonu's Envy {rF+}
 13955 | D:10     | Entered Level 10 of the Dungeon
 14256 | D:10     | Found a staircase to the Orcish Mines.
 14850 | D:11     | Identified the ring of Bedujaocuts {Fly rElec rCorr Slay+2}
 14884 | D:11     | Noticed a two-headed ogre
 14887 | D:11     | Noticed an ogre mage
 14889 | D:11     | Noticed a two-headed ogre
 14892 | D:11     | Killed a two-headed ogre
 14892 | D:11     | Killed a two-headed ogre
 14893 | D:11     | Reached skill level 10 in Spellcasting
 14893 | D:11     | Reached skill level 11 in Conjurations
 14893 | D:11     | Paralysed by an ogre mage for 4 turns
 14899 | D:11     | Killed an ogre mage
 15346 | D:11     | Identified the +4 tower shield "Leedu Woluf" {Dex+6}
 15513 | D:11     | Found a glowing golden altar of the Shining One.
 15763 | D:12     | Noticed Maurice
 15768 | D:12     | Killed Maurice
 16008 | D:12     | Reached skill level 1 in Evocations
 16011 | D:12     | Reached skill level 1 in Staves
 16462 | D:12     | Noticed a deep elf pyromancer
 16465 | D:12     | Killed a deep elf pyromancer
 16466 | D:12     | Reached XP level 12. HP: 85/85 MP: 19/26
 16466 | D:12     | Noticed Erolcha
 16469 | D:12     | Killed Erolcha
 18372 | D:13     | Noticed a tengu warrior
 18375 | D:13     | Noticed a tengu warrior
 18384 | D:12     | Killed a tengu warrior
 18573 | D:13     | Killed a tengu warrior
 18705 | D:13     | Found a hide-covered altar of Uskayaw.
 18767 | D:13     | Reached skill level 12 in Conjurations
 18767 | D:13     | Reached skill level 10 in Fire Magic
 18767 | D:13     | Reached XP level 13. HP: 96/96 MP: 26/28
 19155 | D:13     | Learned a level 4 spell: Dispel Undead
 19620 | Lair:1   | Entered Level 1 of the Lair of Beasts
 19756 | D:8      | Mangled by a blink frog

Illustrated notes

Levels and vault maps discovered:
D:1:      mainiacjoe_arrival_reflecting_pool, layout_basic
D:2:      layout_basic
D:3:      cheibrodos_fertilizer, layout_basic, mainiacjoe_overflow_paths,
          mainiacjoe_overflow_brackets, evilmike_ruin_ashenzari,
          hellmonk_ecumenical_altar_dog_temple
D:4:      layout_basic, nicolae_overflow_crystal_walls, serial_glass,
          glass_columns_c, glass_columns_a, glass_columns_b, glass_columns_c,
          portal_sewer_entry_b, serial_shops, shop, uniq_menkaure
D:5:      layout_gridville, tgw_sif, xom_redecorated, uniq_edmund
D:6:      layout_rooms, ebering_ghost_reflecting_pool, serial_shops,
          nicolae_stop_n_shop_1, uniq_grinder
D:7:      layout_loops_corners, nicolae_overflow_quartered_altars,
          minmay_temple_entry_stoned_glass, uniq_prince_ribbit1, uniq_duvessa
D:8:      layout_loops_ring, grunt_lair_entry_orc_guard_hut, enter_bailey_3,
          uniq_maggie
D:9:      layout_stronghold
D:10:     layout_roguey, david_orc_3
D:11:     layout_loops_ring, grunt_decor_mini_mirrors,
          minmay_misc_feat_more_columns, tso_altar
D:12:     layout_loops_ring, uniq_erolcha, uniq_maurice
D:13:     layout_basic, serial_glass, glass_columns_b, glass_columns_c,
          nicolae_uskayaw_dance_hall
D:14:     layout_loops_cross, erik_vaults_1, roderic_lattice_a,
          grunt_ministairs_1
Lair:1:   dreamdust_isle_of_ice, layout_gridlike, serial_forest,
          infiniplex_forest_lined_room_, infiniplex_forest_end_2,
          infiniplex_forest_lined_room_, infiniplex_forest_lined_corner,
          infiniplex_forest_lined_ring, grunt_megastairs_2, lemuel_fruit_tree

Skill      XL: |  1  2  3  4  5  6  7  8  9 10 11 12 |
---------------+-------------------------------------+-----
Stealth        | 2 3 |  3.0
Dodging        | 2 3 4 5 6 |  6.4
Unarmed Combat | 1 |  1.8
Conjurations   | 5 6 7 8 10 11 12 | 12.4
Spellcasting   | 3 4 5 6 8 9 10 11 | 11.3
Fire Magic     | 1 3 4 6 8 9 10 | 10.3
Fighting       | 1 2 4 |  4.2
Earth Magic    | 2 4 |  4.8
Air Magic      | 1 4 |  4.6
Evocations     | 2 4 |  4.5
Staves         | 1 |  1.9
Shields        | |  0.4
Hexes          | |  0.4
Necromancy     | |  0.8

Action                   |  1- 3 |  4- 6 |  7- 9 | 10-12 | 13-15 || total
-------------------------+-------+-------+-------+-------+-------++-------
Melee: Unarmed           |    28 |     6 |     4 |     8 |       ||    46
       Tailslap          |     3 |       |     1 |     9 |       ||    13
       Kick              |       |       |       |     3 |       ||     3
       Punch             |       |       |       |     1 |       ||     1
       Staff             |       |       |       |    39 |       ||    39
 Cast: Magic Dart        |    85 |    71 |    14 |     3 |       ||   173
       Searing Ray       |     8 |    15 |    13 |    16 |       ||    52
       Foxfire           |       |    30 |   206 |   250 |       ||   486
       Dazzling Flash    |       |       |     3 |     3 |       ||     6
       Stone Arrow       |       |       |     1 |    91 |    14 ||   106
       Lightning Bolt    |       |       |       |    51 |     6 ||    57
       Conjure Flame     |       |       |       |     3 |       ||     3
 Abil: Breathe Steam     |       |       |     2 |    20 |       ||    22
  Use: Scroll            |       |       |     1 |     8 |       ||     9
       Potion            |       |       |       |     8 |     1 ||     9
Armor: Skin              |    12 |    17 |    15 |    38 |     6 ||    88
Dodge: Dodged            |    29 |    21 |    34 |    80 |     6 ||   170
Block: Other             |       |    11 |    14 |    31 |     5 ||    61
       Reflection        |       |     1 |     1 |     1 |       ||     3

Table legend: (Time is in decaauts)
 A = Elapsed time spent in this place.
 B = Non-inter-level travel time spent in this place.
 C = Inter-level travel time spent in this place.
 D = Time resting spent in this place.
 E = Time spent auto-exploring this place.
 F = Levels seen in this place.
 G = Mean time per level.
                   A        B        C        D        E       F      G
               +--------+--------+--------+--------+--------+-----+--------+
         Total |  19775 |  19047 |    728 |   2652 |  13522 |  17 | 1163.2 |
       Dungeon |  17836 |  17108 |    728 |   2127 |  12603 |  14 | 1274.0 |
          Lair |      9 |      9 |      0 |      0 |      0 |   1 |    9.0 |
         Sewer |    526 |    526 |      0 |      0 |    429 |   1 |  526.0 |
        Bailey |   1403 |   1403 |      0 |    525 |    490 |   1 | 1403.0 |
               +--------+--------+--------+--------+--------+-----+--------+

Top non-repeatable levels by time:
    D:12: 2359 daAuts
     D:1: 1851 daAuts
     D:9: 1519 daAuts
     D:4: 1492 daAuts
     D:5: 1456 daAuts
    D:13: 1446 daAuts
     D:3: 1418 daAuts
  Bailey: 1403 daAuts
     D:7: 1337 daAuts
     D:8: 1333 daAuts
    D:11: 1054 daAuts
     D:2: 1040 daAuts
     D:6: 773 daAuts
    D:10: 752 daAuts
   Sewer: 526 daAuts
